AoeStats
← bernalesmoenne

Arena

510437474Analyzed
2v2 RM · 2d ago on Oct 1, 2026· 45m 10s· 4 players
Game mode
Random Map
Map size
Medium (4 player)
Population
200
Speed
Normal
Resources
Standard
Victory
Conquest
Starting age
Dark Age
Ending age
Imperial Age
RankedLock teamsTeams togetherTeam positionsShared explorationLock speedFull tech treeHidden civsTurbo modeCheats
Victory
Defeat
🇨🇱 Franks · Chile
671
+20
🇺🇸 Mongols · United States
642
+16
🇨🇱 Maya · Chile
678
-16
🇨🇱 Mapuche · Chile
630
-15
bernalesmoenne
1:14 Loom
13:53 Feudal Age
18:13 Padded Archer Armor
18:05 Fletching
26:34 Double-Bit Axe
28:51 Scale Barding Armor
37:24 Castle Age
38:14 Pikeman
40:55 Bodkin Arrow
41:19 Leather Archer Armor
43:44 Bow Saw
Mase of Spades
11:54 Feudal Age
13:17 Wheelbarrow
12:28 Loom
12:47 Double-Bit Axe
13:47 Gold Mining
15:08 Horse Collar
17:53 Stone Mining
23:02 Castle Age
25:24 Gold Shaft Mining
26:10 Forging
26:01 Scale Mail Armor
25:52 Fletching
27:03 Heavy Plow
27:21 Hand Cart
28:25 Town Watch
32:58 Stone Shaft Mining
32:58 Thumb Ring
33:22 Ballistics
33:21 Crossbowman
34:10 Thumb Ring
35:41 Bodkin Arrow
35:47 Padded Archer Armor
35:54 Scale Barding Armor
38:10 Leather Archer Armor
38:31 Iron Casting
38:32 Husbandry
38:43 Bloodlines
45:11 Nomads
Matx108
6:51 Loom
9:51 Feudal Age
12:13 Champi Runner
16:05 Double-Bit Axe
16:44 Arson
32:58 Castle Age
33:01 Champi Warrior
35:32 Pikeman
44:08 Murder Holes
Rigby
Connection lost

Rejoining the realm…

Still unreachable

The connection could not be restored.

Session expired

The server has moved on; the page needs a fresh start.